 Dungeon Crawl Stone Soup version 0.27.0-1-g7a089689b8 (webtiles) character file.

Game seed: 16234787730864979704

74 mrzisme the Chopper (level 4, -1/40 HPs)
             Began as a Deep Dwarf Fighter on Aug 17, 2021.
             Killed from afar by Natasha (6 damage)
             ... with a magic dart
             ... on level 2 of the Dungeon.
             The game lasted 00:04:20 (1190 turns).

mrzisme the Chopper (Deep Dwarf Fighter)            Turns: 1190, Time: 00:04:20

Health: -1/40      AC:  6    Str: 21    XL:     4   Next: 9%
Magic:  2/2        EV:  7    Int:  8    God:
Gold:   107        SH:  9    Dex: 12    Spells: 3/3 levels left

rFire    . . .     SeeInvis .   a - +0 war axe
rCold    . . .     Faith    .   c - +0 kite shield
rNeg     . . .     Spirit   .   b - +0 scale mail
rPois    .         Reflect  .   (no helmet)
rElec    .         Harm     .   (no cloak)
rCorr    .         Rampage  .   (no gloves)
Will     .....                  (no boots)
Stlth    ..........             (no amulet)
HPRegen  0.00/turn              (no ring)
MPRegen  0.08/turn              (no ring)

@: mighty
A: damage resistance, heal wounds, sense surroundings 1, no regeneration
a: Heal Wounds


You were on level 2 of the Dungeon.
You visited 1 branch of the dungeon, and saw 2 of its levels.

You collected 107 gold pieces.

Inventory:

Hand Weapons
 a - a +0 war axe (weapon)
Missiles
 f - 8 boomerangs (quivered)
Armour
 b - a +0 scale mail (worn)
 c - a +0 kite shield (worn)
Wands
 g - a wand of iceblast (10)


   Skills:
 - Level 2.6 Fighting
 * Level 4.9 Axes
 - Level 3.2 Armour
 - Level 3.2 Shields


You had 3 spell levels left.
You didn't know any spells.
Your spell library contained the following spells:

 Spells                   Type           Power      Damage    Failure   Level
 Blade Hands              Tmut           0%         N/A       100%        5
 Irradiate                Conj/Tmut      0%         3d13      100%        5
 Dragon Form              Tmut           0%         N/A       100%        7


Dungeon Overview and Level Annotations

Branches:
Dungeon (2/15)

Altars:

Annotations:
D:2 Natasha, Terence


Innate Abilities, Weirdness & Mutations

You are resistant to damage.
You can heal yourself by infusing magical energy.
You passively map a small area around you.
You do not regenerate.


Message History

You slash Terence!
Terence is almost dead.
Terence completely misses you. You block Terence's attack.
Natasha, Servant of Life and Death comes into view.
She is carrying a wand of flame (9).
You closely miss Terence.
Terence is almost dead.
Natasha hisses angrily.
Terence says, "Did you write a will?
You should..."
Terence hits you with a +0 trident.
* * * LOW HITPOINT WARNING * * *
Terence hits you with a +0 trident.
* * * LOW HITPOINT WARNING * * *
You closely miss Terence.
Terence is almost dead.
Terence hits you with a +0 trident.
You hit Terence but do no damage.
Terence is almost dead.
Terence hits you with a +0 trident.
Natasha stares at you and mumbles some strange words.
You resist with some effort.
You hit Natasha but do no damage. You hit Terence but do no damage.
You block Terence's attack.
Natasha mumbles some strange words.
Natasha glows brightly for a moment.
Natasha claws you but does no damage. Terence hits you with a +0 trident.
* * * LOW HITPOINT WARNING * * *
You aren't carrying any scrolls.
Unknown command.
You feel very mighty all of a sudden. Natasha closely misses you.
Terence barely misses you.
You barely miss Terence.
Terence is almost dead.
You slash Natasha! Natasha closely misses you. Terence barely misses you.
Natasha claws you. Terence hits you but does no damage.
You closely miss Natasha.
Natasha is almost dead.
You hit Terence but do no damage.
Natasha stares at you and mumbles some strange words.
The magic dart hits you!
You die...

#.## , , )..#, * #.#
.#<*, * ####. * #.
#.#.#,.# , .....
#.,#.#.#..# #,, #####
*#..#.#.#..#.* * #..
.##..#.#.#... * ...
..........>####. , #.# *
#..#.#.@...<.., #.#
#.....@# #.#
#....h.####### #.#
#............# ,
#.###########....#####.#
, .................# *,
####†.#######....#
...............#.# *
####...#######.#.#
#.#.......#.#.., , ,


You could see Terence and Natasha.

Vanquished Creatures
  Natasha (D:2)
  A gnoll (D:1)
  A dart slug (D:1)
  A worm (D:2)
  10 ball pythons
  4 bats (D:1)
  2 endoplasms (D:1)
  4 giant cockroaches (D:2)
  4 goblins
  A hobgoblin (D:1)
  3 jackals (D:1)
  A quokka (D:2)
  A frilled lizard (D:1)
  4 kobolds
  3 rats
41 creatures vanquished.

Notes
Turn   | Place    | Note
-------+----------+-------------------------------------------
     0 | D:1      | mrzisme the Deep Dwarf Fighter began the quest for the Orb.
     0 | D:1      | Reached XP level 1. HP: 20/20 MP: 1/1
   113 | D:1      | Reached skill level 3 in Axes
   113 | D:1      | Reached XP level 2. HP: 27/27 MP: 2/2
   135 | D:1      | Found a faded altar of an unknown god.
   366 | D:1      | Reached skill level 4 in Axes
   366 | D:1      | Reached XP level 3. HP: 8/33 MP: 3/3
   962 | D:2      | Noticed Natasha
  1161 | D:2      | Killed Natasha
  1162 | D:2      | Reached XP level 4. HP: 24/40 MP: 2/2
  1166 | D:2      | Noticed Terence
  1183 | D:2      | Noticed Natasha
  1190 | D:2      | Killed from afar by Natasha

Illustrated notes

Levels and vault maps discovered:
D:1:      psy_arrival_whirlpool, layout_loops_cross,
          shapermc_ecumenical_altar_pompeii
D:2:      layout_basic, uniq_terence, uniq_natasha

Skill      XL: |  1  2 |
---------------+-------+-----
Axes           | 3 4 |  4.9
Fighting       | |  2.6
Armour         | |  3.2
Shields        | |  3.2

Action                   |  1- 3 |  4- 6 || total
-------------------------+-------+-------++-------
Melee: War axe           |   117 |    16 ||   133
Throw: Boomerang         |       |     5 ||     5
 Abil: Heal Wounds       |     3 |       ||     3
  Use: Scroll            |     4 |       ||     4
       Potion            |       |     1 ||     1
Armor: Scale mail        |    68 |     2 ||    70
Dodge: Dodged            |    51 |    12 ||    63
Block: Kite shield       |    65 |     9 ||    74
